 Dungeon Crawl Stone Soup version 0.32-a0-909-gc671339a80 (webtiles) character file.

Game seed: 11893788293623327929

374 Autsider the Caller (level 6, 32/32 HPs)
             Began as a Felid Summoner on Apr 6, 2024.
             Quit the game on level 4 of the Dungeon.
             The game lasted 00:16:17 (3357 turns).

Autsider the Caller (Felid Summoner)                Turns: 3357, Time: 00:16:18

Health: 32/32      AC:  2    Str:  6    XL:     6   Next: 43%
Magic:  11/11      EV: 17    Int: 18    God:
Gold:   82         SH:  0    Dex: 17    Spells: 5/11 levels left
                                        Lives:  0   Deaths: 2

rFire   . . .        (weapon unavailable)
rCold   . . .        (shield unavailable)
rNeg    . . .        (body armour unavailable)
rPois   .            (helmet unavailable)
rElec   .            (cloak unavailable)
rCorr   .            (gloves unavailable)
SInv    +            (boots unavailable)
Will    .....        (no amulet)
Stlth   ++           (no ring)
HPRegen 0.25/turn    (no ring)
MPRegen 0.12/turn

%: no passive effects
@: inugami summoned
A: very small, claws 1, fangs 3, see invisible, shaggy fur 2, stealthy paws, no
weapons or thrown items, no armour, multi-lived
a: no special abilities


You were on level 4 of the Dungeon.
You visited 1 branch of the dungeon, and saw 4 of its levels.

You collected 82 gold pieces.

Inventory:

Scrolls
 b - a scroll of immolation
 e - a scroll of blinking
 f - a scroll of teleportation {@r2}
Potions
 a - a potion of magic
 c - a potion of brilliance
 d - a potion of curing {@q1}
 g - a potion of heal wounds {unknown}
 h - a potion of mutation {unknown}
 i - 2 potions of resistance {unknown}


   Skills:
 - Level 3.3 Fighting
 - Level 3.0 Dodging
 - Level 3.0 Stealth
 + Level 3.2 Spellcasting
 + Level 6.1 Summonings


You had 5 spell levels left.
You knew the following spells:

 Your Spells              Type           Power      Damage    Failure   Level
a - Call Canine Familiar  Summ           25%        N/A       3%          3
b - Call Imp              Summ           50%        N/A       1%          2
c - Summon Small Mammal   Summ           100%       N/A       1%          1

Your spell library contained the following spells:

 Spells                   Type           Power      Damage    Failure   Level
 Summon Blazeheart Golem  Fire/Summ      13%        N/A       41%         4
 Summon Lightning Spire   Summ/Air       13%        N/A       41%         4


Dungeon Overview and Level Annotations

Branches:
Dungeon (4/15)
 Temple: D:4-7

Altars:

Shops:
D:1 :   D:2 (

Annotations:
D:4 exclusion: ogre, Pikel


Innate Abilities, Weirdness & Mutations

You have sharp claws.
You have razor-sharp teeth.
You have supernaturally acute eyesight. (SInv)
You are covered in thick fur. (AC +2)
Your paws help you pounce on unaware monsters.
You are incapable of wielding weapons or throwing items.
You cannot wear armour.
You gain extra lives every three experience levels.


Message History

The wight hits you with a +1 trident!
* * * LOW HITPOINT WARNING * * *
Your cerulean imp hits the wight with a -2 spear.
The wight is destroyed!
The jackal barely misses your inugami.
Your inugami misses the jackal. The wight closely misses you.
Your quokka bites the wight.
The jackal bites your inugami but does no damage.
Your cerulean imp hits the wight with a -2 spear.
Your inugami hits the jackal.
The jackal dies!
Your cerulean imp closely misses the wight.
Your bat hits the wight but does no damage.
The wight attacks as it pursues you! The wight misses you.
The wight attacks as it pursues you! The wight misses you.
The wight closely misses you.
Your bat closely misses the wight.
Your bat hits the wight but does no damage.
Your quokka closely misses the wight.
Your cerulean imp barely misses the wight.
Your bat closely misses the wight.
The wight closely misses you.
You are too injured to fight recklessly!
Casting: Summon Small Mammal (safe; 1% risk of failure)
Confirm with . or Enter, or press ? or * to list all spells.
You imbue your familiar with magical energy and its fangs glint viciously.
Your bat barely misses the wight.
Your quokka bites the wight but does no damage.
Your cerulean imp closely misses the wight.
The wight hits you with a +3 great sword of freezing!
* * * LOW HITPOINT WARNING * * *
You feel drained. The wight freezes you.
* * * LOW HITPOINT WARNING * * *
The wight hits you from afar with a +1 trident!
* * * LOW HITPOINT WARNING * * *
Your cerulean imp hits the wight but does no damage.
Your quokka barely misses the wight.
The wight hits you from afar with a +1 trident!
You die...
Your bat hits the wight but does no damage.
You rejoin the land of the living...
Are you sure you want to abandon this character and quit the game? (Confirm with "yes".)

#####.......†.....#~≈≈~#....
#.......####......~~≈≈ #....
#.....#.####.#####~≈≈~ ####.
#............#####~≈≈~#####z
#......#.###....ßß~~≈≈~ßß.rzz
#......#.# #..............†z.
#......# ###...............b#
#....... #......ßß~≈≈~~ßß..##
#......###.#@....~~≈≈~##<##..
#O.....###.#.....~≈≈~ #.# [#
#..........#.####~≈≈~ ... .#
#+###.....#.###~~≈≈~ .#.###.
#.........#....~≈≈~~#.#.. .
#####..........~≈≈~.. ..# .
###..........~≈≈~.. ...
#[......[...~~≈≈~. ...
#...........~≈≈~~


There were no monsters in sight!

Vanquished Creatures
  3 dart slugs
  2 bats
  2 giant cockroaches (D:1)
  2 goblins
  2 hobgoblins
  2 ball pythons
  3 frilled lizards
  3 rats
19 creatures vanquished.

Vanquished Creatures (collateral kills)
  Grinder (D:3)
  A wight (D:4)
  6 adders
  2 ribbon worms
  7 orcs (D:3)
  2 endoplasms (D:1)
  2 giant cockroaches
  4 goblins
  6 hobgoblins
  6 jackals
  4 kobolds
  2 quokkas
  4 ball pythons
  2 frilled lizards
49 creatures vanquished.

Grand Total: 68 creatures vanquished

Notes
Turn   | Place    | Note
-------+----------+-------------------------------------------
     0 | D:1      | Autsider the Felid Summoner began the quest for the Orb.
     0 | D:1      | Reached XP level 1. HP: 9/9 MP: 4/4
   245 | D:1      | Reached skill level 1 in Fighting
   424 | D:1      | Reached XP level 2. HP: 8/15 MP: 3/6
   484 | D:1      | Learned a level 2 spell: Call Imp
   607 | D:1      | Found Ecuxzidgh's Book Emporium.
   841 | D:1      | Reached XP level 3. HP: 16/18 MP: 5/7
  1278 | D:2      | Found Fuaczarph's Weapon Shoppe.
  1801 | D:3      | Reached XP level 4. HP: 23/23 MP: 1/8
  1801 | D:3      | Gained a life (2 lives remaining)
  1966 | D:3      | Reached skill level 5 in Summonings
  2027 | D:3      | Noticed Grinder
  2251 | D:4      | Noticed an ogre
  2278 | D:4      | Noticed a lemure
  2278 | D:4      | Noticed a lemure
  2284 | D:4      | Noticed a lemure
  2324 | D:4      | Noticed Pikel
  2332 | D:4      | Noticed a lemure
  2861 | D:3      | Paralysed by Grinder for 2 turns
  2878 | D:3      | Paralysed by Grinder for 3 turns
  2901 | D:3      | Killed Grinder
  2902 | D:3      | Reached skill level 6 in Summonings
  2902 | D:3      | Reached XP level 5. HP: 24/28 MP: 3/10
  2902 | D:3      | Gained mutation: You are covered in thick fur. (AC +2)
                  | [Felid growth]
  2902 | D:3      | Reached XP level 6. HP: 28/32 MP: 3/11
  3265 | D:4      | Learned a level 3 spell: Call Canine Familiar
  3314 | D:4      | Slain by a wight
  3314 | D:4      | Lost a life (1 life remaining)
  3355 | D:4      | HP: 1/30 [wight/+1 trident (9)]
  3356 | D:4      | Mangled by a wight
  3356 | D:4      | Lost a life (0 lives remaining)
  3357 | D:4      | Quit the game

Illustrated notes

Levels and vault maps discovered:
D:1:      giann_bridges, layout_loops_ring, serial_shops,
          nicolae_book_shop_shelving
D:2:      layout_loops_cross, serial_shops, nicolae_shop_bloodbath_and_beyond,
          nicolae_elevator_lobby_asterisk
D:3:      layout_basic, uniq_grinder
D:4:      wander_river, layout_basic, portal_sewer_entry_c,
          gammafunk_ghost_necromancy, uniq_edmund, uniq_pikel

Skill      XL: |  1  2  3  4 |
---------------+-------------+-----
Fighting       | 1 2 3 |  3.3
Dodging        | 3 |  3.0
Stealth        | 3 |  3.0
Summonings     | 6 |  6.1
Spellcasting   | 3 |  3.2

Action                     |  1- 3 |  4- 6 || total
---------------------------+-------+-------++-------
  Melee: Unarmed           |    66 |    26 ||    92
         Bite              |    11 |     2 ||    13
   Cast: Summon Small Mamm |    27 |    47 ||    74
         Call Imp          |    12 |    24 ||    36
         Call Canine Famil |       |     5 ||     5
    Use: Scroll            |       |     6 ||     6
   Stab: Sleeping          |     1 |     2 ||     3
 Armour: Skin              |    35 |    36 ||    71
  Dodge: Dodged            |    66 |    56 ||   122

Table legend: (Time is in decaauts)
 A = Elapsed time spent in this place.
 B = Non-inter-level travel time spent in this place.
 C = Inter-level travel time spent in this place.
 D = Time resting spent in this place.
 E = Time spent auto-exploring this place.
 F = Levels seen in this place.
 G = Mean time per level.
                   A        B        C        D        E       F      G
               +--------+--------+--------+--------+--------+-----+--------+
         Total |   3361 |   3281 |     80 |    196 |   2165 |   4 |  840.2 |
       Dungeon |   3361 |   3281 |     80 |    196 |   2165 |   4 |  840.2 |
               +--------+--------+--------+--------+--------+-----+--------+

Top non-repeatable levels by time:
     D:3: 1225 daAuts
     D:1: 1022 daAuts
     D:2: 707 daAuts
     D:4: 406 daAuts
